 Dungeon Crawl Stone Soup version 0.30-a0-986-g7f2e898f52 (webtiles) character file.

Game seed: 14404842745902676806

45693 lorenzova the Eclecticist (level 14, -11/68 HPs)
             Began as a Deep Elf Conjurer on Feb 19, 2023.
             Was an Elder of Vehumet.
             Shot with a bolt by a yaktaur captain (41 damage)
             ... on level 12 of the Dungeon on Apr 1, 2023.
             The game lasted 01:45:51 (29647 turns).

lorenzova the Eclecticist (Deep Elf Conjurer)      Turns: 29647, Time: 01:45:51

Health: -11/68     AC:  3    Str:  4    XL:     14   Next: 2%
Magic:  20/47      EV: 12    Int: 29    God:    Vehumet [****..]
Gold:   1135       SH:  0    Dex: 13    Spells: 14/50 levels left

rFire   + + .      SeeInvis .    w - staff of conjuration
rCold   + . .      Faith    .    (no shield)
rNeg    + + .      Spirit   .    a - +0 robe
rPois   .          Reflect  .    (no helmet)
rElec   .          Rampage  .    J - scarf {rC+ rF+}
rCorr   .                        T - +0 pair of gloves of Feasting {rN++ MP+9}
Will    +....                    (no boots)
Stlth   ++                       (no amulet)
HPRegen 0.31/turn                u - ring of protection from fire
MPRegen 0.30/turn                D - ring of wizardry

@: no status effects
A: no striking features
a: Renounce Religion


You were on level 12 of the Dungeon.
You worshipped Vehumet.
Vehumet was greatly pleased with you.
You visited 3 branches of the dungeon, and saw 18 of its levels.
You also visited: Ossuary and Gauntlet.

You collected 1135 gold pieces.

Inventory:

Armour
 a - a +0 robe (worn)
 f - the +4 pair of boots of Nemelex Xobeh's Regard {rElec rC+++ rN+ MP-9}
   (You found it on level 4 of the Dungeon)

   rC:        It renders you almost immune to cold.
   rElec:     It insulates you from electricity.
   rN:        It protects you from negative energy.
   MP:        It affects your magic capacity (-9).
 x - a scarf of invisibility
 G - a +1 cloak
 J - a scarf of resistance (worn)
 T - the +0 pair of gloves of Feasting (worn) {rN++ MP+9}
   (You found it in a Gauntlet)

   rN:        It greatly protects you from negative energy.
   MP:        It affects your magic capacity (+9).
Magical Staves
 w - a staff of conjuration (weapon)
 I - a staff of earth
 R - a staff of poison
Jewellery
 d - an amulet of guardian spirit
 u - a ring of protection from fire (left hand)
 v - a +5 ring of evasion
 D - a ring of wizardry (right hand)
 E - a ring of fire
 K - a ring of flight
 L - a +6 ring of dexterity
 P - the ring of Zoinuck {*Slow AC+4 Dex+4}
   (You found it in a Gauntlet)

   [ring of protection]

   AC:        It affects your AC (+4).
   Dex:       It affects your dexterity (+4).
   *Slow:     It may slow you when you take damage.
 U - the ring of Laorchef {rPois rC- Str+4 Int-4 SInv}
   (You found it on level 2 of the Lair of Beasts)

   [ring of see invisible]

   Str:       It affects your strength (+4).
   Int:       It affects your intelligence (-4).
   rC:        It makes you vulnerable to cold.
   rPois:     It protects you from poison.
   SInv:      It lets you see invisible.
 V - a +6 ring of intelligence
 X - an amulet of magic regeneration
Wands
 j - a wand of mindburst (3)
 F - a wand of flame (20)
 S - a wand of quicksilver (5)
Scrolls
 c - a scroll of fog
 h - 4 scrolls of vulnerability
 i - 2 scrolls of poison
 l - 3 scrolls of magic mapping
 m - a scroll of blinking
 q - 5 scrolls of immolation
 r - 7 scrolls of identify
 s - 5 scrolls of teleportation
 y - a scroll of torment
 A - 2 scrolls of silence
 M - a scroll of amnesia
 Q - a scroll of brand weapon
 W - 4 scrolls of fear
Potions
 b - 2 potions of magic
 e - 3 potions of haste
 g - 9 potions of might
 k - 8 potions of curing
 n - 8 potions of brilliance
 o - 5 potions of lignification
 p - 3 potions of berserk rage
 t - 5 potions of heal wounds
 z - 2 potions of attraction
 B - 5 potions of flight
 C - a potion of mutation {unknown}
 H - 3 potions of invisibility
 N - a potion of cancellation {unknown}
 O - a potion of resistance {unknown}


   Skills:
 - Level 2.4 Dodging
 - Level 2.4 Stealth
 * Level 18.5 Spellcasting
 * Level 16.3 Conjurations
 - Level 8.0 Hexes
 - Level 6.0 Translocations
 + Level 5.6 Fire Magic
 * Level 10.8 Earth Magic


You had 14 spell levels left.
You knew the following spells:

 Your Spells              Type           Power      Damage    Failure   Level
a - Magic Dart            Conj           100%       1d8       0%          1
b - Searing Ray           Conj           100%       2d8       0%          2
c - Iskenderun's Mystic   Conj/Tloc      95%        2d18      1%          4
d - Fulminant Prism       Conj/Hex       49%        3d21      1%          4
e - Lehudib's Crystal Sp  Conj/Erth      51%        10d12     4%          8
f - Ignition              Fire           28%        3d9       63%         8
g - Iron Shot             Conj/Erth      51%        9d10      1%          6
k - Swiftness             Air            26%        N/A       1%          3

Your spell library contained the following spells:

 Spells                   Type           Power      Damage    Failure   Level
 Apportation              Tloc           100%       N/A       1%          1
 Necrotise                Necr           100%       1d9       1%          1
 Sting                    Tmut/Pois      100%       1d8       1%          1
 Summon Small Mammal      Summ           100%       N/A       1%          1
 Call Imp                 Summ           26%        N/A       1%          2
 Ensorcelled Hibernation  Hex/Ice        100%       N/A       1%          2
 Lesser Beckoning         Tloc           100%       N/A       1%          2
 Passwall                 Tmut/Erth      45%        N/A       1%          2
 Poisonous Vapours        Pois/Air       52%        N/A       1%          2
 Call Canine Familiar     Summ           26%        N/A       1%          3
 Dazzling Flash           Conj/Hex       100%       N/A       1%          3
 Gell's Gravitas          Tloc           58%        N/A       1%          3
 Kindle Blastsparks       Fire/Tloc/Air  98%        2d18      1%          3
 Mephitic Cloud           Conj/Pois/Air  73%        N/A       1%          3
 Portal Projectile        Hex/Tloc       100%       N/A       1%          3
 Spider Form              Tmut/Pois      26%        N/A       1%          3
 Summon Guardian Golem    Hex/Summ       50%        N/A       1%          3
 Teleport Other           Tloc           58%        N/A       1%          3
 Tukima's Dance           Hex            65%        N/A       1%          3
 Anguish                  Hex/Necr       25%        N/A       1%          4
 Olgreb's Toxic Radiance  Pois           26%        N/A       1%          4
 Passage of Golubria      Tloc           58%        N/A       1%          4
 Borgnjor's Vile Clutch   Necr/Erth      27%        N/A       1%          5
 Irradiate                Conj/Tmut      42%        3d25      1%          5
 Lee's Rapid Deconstruct  Erth           37%        3d18*     1%          5
 Starburst                Conj/Fire      47%        6d13      1%          6
 Silence                  Hex/Air        25%        N/A       3%          5
 Animate Dead             Necr           26%        N/A       6%          4
 Blade Hands              Tmut           13%        N/A       17%         5
 Death Channel            Necr           13%        N/A       65%         6
 Ozocubu's Refrigeration  Ice            13%        4d10      71%         7
 Dragon Form              Tmut           13%        N/A       99%         7
 Haunt                    Necr/Summ      13%        N/A       99%         7
 Infestation              Necr           13%        N/A       100%        8


Dungeon Overview and Level Annotations

Branches:
Dungeon (12/15)            Temple (1/1) D:4            Lair (5/5) D:10
  Swamp (0/4) Lair:2       Spider (0/4) Lair:2        Slime (0/5) Lair:5
    Orc (0/2) D:12        Ossuary (visited)         Gauntlet (visited)

Altars:
Ashenzari
Cheibriados
Gozag
Kikubaaqudgha
Makhleb
Sif Muna
Trog
Vehumet
Xom
The Shining One

Shops:
D:8 :

Portals:
Trove: D:10 (give 2 scrolls of acquirement)

Annotations:
D:8 3 runed translucent doors, hackum's ghost, novice SpGl
Lair:5 2 transporters, 2 runed translucent doors, sastreii's ghost, journeyman SpHu


Message History

The yaktaur captain is heavily wounded.
The yaktaur captain is knocked back by the mystic blast.
The yaktaur captain wields a +0 arbalest.
The yaktaur captain shoots a bolt.
The bolt hits you.
The yaktaur captain shoots a bolt.
The bolt hits you!
You start resting.
A yaktaur captain is nearby!
Casting: Iskenderun's Mystic Blast (safe; 1% risk of failure)
Confirm with . or Enter, or press ? or * to list all spells.
Aiming: Iron Shot (dangerous; 1% risk of failure)
Press: ? - help, Shift-Dir - straight line, f - yaktaur captain
Aim: a yaktaur captain, wielding a +0 arbalest (heavily wounded, 92% to hit)
You feel a surge of power!
The iron shot hits the yaktaur captain!!!
The yaktaur captain is almost dead.
Unknown command.
Unknown command.
Casting: Iron Shot (dangerous; 1% risk of failure)
Confirm with . or Enter, or press ? or * to list all spells.
Aiming: Iron Shot (dangerous; 1% risk of failure)
Press: ? - help, Shift-Dir - straight line, f/p - yaktaur captain
Aim: a yaktaur captain, wielding a +0 arbalest (almost dead, 92% to hit)
You feel a surge of power!
The iron shot hits the yaktaur captain!!!
You kill the yaktaur captain!
Vehumet accepts your kill.
You feel your power returning.
You have reached level 14!
The yaktaur captain wields a +0 arbalest.
The yaktaur captain shoots a bolt.
The bolt barely misses you.
The yaktaur captain shoots a bolt.
The bolt misses you.
As you read the scroll of fog, it crumbles to dust.
The scroll dissolves into smoke.
The yaktaur captain shoots a bolt.
The bolt hits you!!!
Ouch! That really hurt!
* * * LOW HITPOINT WARNING * * *
You feel much better.
The yaktaur captain shoots a bolt.
The bolt hits you!!!
Ouch! That really hurt!
You die...

#.....# #.#.##.##.#. #
.....#.....# #.#.#..)#.#. .#
#....#######. #.#.#)).#.#. c..
#.........#.# ##.#.##.##.#. ..
#........#..#+#..#..#'#..#. #
#........#.......'.......'.
#.......##..8..###.8.8.###
#.§.§....##...##.##...##.#
##§.§.....@#...#...#####... #
#§§c§§..................... ..
##§§§§.....##'##............ u..
##§§§§§######...#............
#.###..§§§.#........#.#'##+###+#.
###...#....#........#.#........#.
)c..###....#........#.##.......#.
...........#........#..#.......#.
...........##########..#.......#.


You could see a yaktaur captain.

Vanquished Creatures
  A minotaur (Gauntlet)
  Snorg (D:12)
  A yaktaur captain (D:12)
  4 hydras
  A catoblepas (Lair:5)
  A centaur warrior (D:12)
  A boulder beetle (D:12)
  2 two-headed ogres
  A vampire mage (Lair:2)
  3 skysharks
  A fire crab (Lair:5)
  Pikel (D:5)
  2 cyclopes
  A manticore (D:11)
  An ugly thing (D:12)
  An elephant (Lair:2)
  2 black mambas (Lair:5)
  3 molten gargoyles (Lair:5)
  An ice statue (Gauntlet)
  14 cane toads
  4 rime drakes
  2 unseen horrors
  7 komodo dragons
  A kobold demonologist (D:9)
  2 trolls
  7 blink frogs
  2 raiju (Gauntlet)
  A centaur simulacrum (D:12)
  7 dream sheep (Lair:4)
  46 yaks
  12 wyverns
  7 slime creatures
  4 basilisks (Lair:5)
  Menkaure (D:7)
  6 steam dragons
  A redback (D:12)
  A human (Lair:2)
  16 water moccasins
  An acid dragon (D:10)
  2 wargs (D:10)
  4 floating eyes (D:9)
  5 hell hounds (Lair:5)
  A meliai simulacrum (D:12)
  6 orc warriors
  2 ogres (D:5)
  4 wolves (Lair:2)
  4 black bears
  A centaur (D:9)
  A phantom (D:5)
  A lemure (D:5)
  2 kobold brigands (D:9)
  4 elf zombies (Ossuary)
  11 bullfrogs
  4 gnoll sergeants
  7 scorpions
  9 wights (D:8)
  2 killer bees (D:9)
  4 howler monkeys
  5 lava snakes (Lair:5)
  5 jellies
  A centaur zombie (Ossuary)
  3 hounds
  A human zombie (Ossuary)
  3 gnoll boudas
  13 orc priests
  Crazy Yiuf (D:6)
  6 iguanas
  A sleepcap (D:4)
  10 orc wizards
  7 hell rats (Lair:5)
  A lightning spire (Gauntlet)
  4 mummies
  3 hound zombies (Ossuary)
  11 adders
  15 gnolls
  2 white imps
  2 ufetubi
  2 adder zombies (Ossuary)
  2 worms
  4 dart slugs
  38 orcs
  4 ball pythons
  8 bats
  10 endoplasms
  3 giant cockroaches
  7 goblins
  9 hobgoblins
  7 jackals
  5 quokkas
  A frilled lizard (D:1)
  3 gnoll zombies (Ossuary)
  3 goblin zombies (Ossuary)
  9 hobgoblin zombies
  2 jackal zombies (Ossuary)
  16 kobolds
  2 kobold zombies
  2 orc zombies (Ossuary)
  4 quokka zombies (Ossuary)
  7 rats
  2 rat zombies (Ossuary)
  A fulminant prism (D:9)
490 creatures vanquished.

Vanquished Creatures (others)
  A human (D:6)
  An orc wizard (D:10)
  A gnoll (D:9)
  77 fulminant prisms
  45 fungi
  44 plants
  9 withered plants (Lair:2)
178 creatures vanquished.

Grand Total: 668 creatures vanquished

Notes
Turn   | Place    | Note
-------+----------+-------------------------------------------
     0 | D:1      | lorenzova the Deep Elf Conjurer began the quest for the
                  | Orb.
     0 | D:1      | Reached XP level 1. HP: 10/10 MP: 6/6
   417 | D:1      | Reached XP level 2. HP: 15/15 MP: 5/8
   573 | D:1      | Upgraded the game from 0.30-a0-782-ge64f9170bb to
                  | 0.30-a0-986-g7f2e898f52
  1083 | D:2      | Reached skill level 4 in Spellcasting
  1083 | D:2      | Reached skill level 5 in Conjurations
  1083 | D:2      | Reached XP level 3. HP: 19/19 MP: 4/10
  1379 | D:2      | Learned a level 2 spell: Searing Ray
  1861 | D:2      | Reached XP level 4. HP: 24/24 MP: 10/12
  1971 | D:2      | Found a faded altar of an unknown god.
  2382 | D:2      | Reached skill level 5 in Spellcasting
  3060 | D:3      | Reached XP level 5. HP: 28/28 MP: 11/14
  3802 | D:4      | Reached skill level 6 in Spellcasting
  4661 | D:4      | Reached XP level 6. HP: 32/32 MP: 6/17
  4910 | D:4      | Learned a level 4 spell: Iskenderun's Mystic Blast
  4915 | D:4      | Learned a level 4 spell: Fulminant Prism
  5197 | D:4      | Reached skill level 7 in Spellcasting
  5603 | D:4      | Reached XP level 7. HP: 28/36 MP: 9/19
  5746 | D:4      | Found a shimmering altar of Xom.
  5870 | D:4      | Identified the +4 pair of boots of Nemelex Xobeh's Regard
                  | {rElec rC+++ rN+ MP-9}
  6071 | D:4      | Found a staircase to the Ecumenical Temple.
  6106 | Temple   | Entered the Ecumenical Temple
  6117 | Temple   | Became a worshipper of Vehumet
  6328 | D:5      | Entered Level 5 of the Dungeon
  6421 | D:5      | Reached skill level 8 in Spellcasting
  6537 | D:5      | Reached skill level 1 in Hexes
  6683 | D:5      | Reached skill level 1 in Translocations
  6822 | D:5      | Noticed a vampire
  6850 | D:5      | Noticed Pikel
  6867 | D:5      | Killed Pikel
  6868 | D:5      | Reached skill level 9 in Spellcasting
  6868 | D:5      | Reached XP level 8. HP: 23/41 MP: 10/23
  7246 | D:6      | Found an ancient bone altar of Kikubaaqudgha.
  7299 | D:6      | Found a bloodstained altar of Trog.
  7306 | D:6      | Found an opulent altar of Gozag.
  7366 | D:6      | Found a runed translucent door.
  7367 | D:6      | Noticed Crazy Yiuf
  7496 | D:6      | Killed Crazy Yiuf
  7760 | D:6      | Found a snail-covered altar of Cheibriados.
  8163 | D:6      | Reached skill level 10 in Spellcasting
  8256 | D:7      | Noticed a two-headed ogre
  8262 | D:7      | Killed a two-headed ogre
  8263 | D:7      | Reached XP level 9. HP: 45/45 MP: 8/25
  8659 | D:7      | Reached skill level 10 in Conjurations
  8698 | D:7      | Found a broken altar of Ashenzari.
  8721 | D:7      | Noticed Menkaure
  8726 | D:7      | Killed Menkaure
  8727 | D:7      | Reached skill level 11 in Spellcasting
  8727 | D:7      | Reached skill level 5 in Hexes
  8871 | D:7      | Reached * piety under Vehumet
  8871 | D:7      | Offered knowledge of Sandblast by Vehumet.
  8933 | D:7      | Learned a level 3 spell: Swiftness
  9998 | D:8      | Offered knowledge of Kiss of Death by Vehumet.
 10001 | D:8      | Reached ** piety under Vehumet
 10002 | D:8      | Reached skill level 12 in Spellcasting
 10002 | D:8      | Reached skill level 5 in Translocations
 10002 | D:8      | Reached XP level 10. HP: 50/50 MP: 2/28
 10420 | D:8      | Found a runed translucent gate.
 10421 | D:8      | Found a runed translucent gate.
 10421 | D:8      | Found a runed translucent gate.
 10422 | D:8      | Noticed hackum's ghost (novice SpGl)
 10442 | D:8      | Found a sand-covered staircase.
 10454 | Ossuary  | Entered an ossuary
 10615 | Ossuary  | Offered knowledge of Frozen Ramparts by Vehumet.
 11314 | Ossuary  | Reached *** piety under Vehumet
 11604 | D:8      | Found Mouneeph's Book Shop.
 11775 | D:8      | Found a glowing golden altar of the Shining One.
 12086 | D:9      | Noticed a two-headed ogre
 12095 | D:9      | Killed a two-headed ogre
 12105 | D:8      | Reached skill level 13 in Spellcasting
 12252 | D:9      | Paralysed by a floating eye for 2 turns
 12255 | D:9      | Offered knowledge of Kindle Blastsparks by Vehumet.
 12629 | D:9      | Paralysed by a floating eye for 3 turns
 12840 | D:9      | Paralysed by a floating eye for 4 turns
 12846 | D:9      | Paralysed by a floating eye for 4 turns
 13077 | D:9      | Reached XP level 11. HP: 54/54 MP: 23/30
 13401 | D:9      | Found a shimmering blue altar of Sif Muna.
 13568 | D:9      | Found a burning altar of Makhleb.
 13752 | D:10     | Entered Level 10 of the Dungeon
 13916 | D:10     | Reached **** piety under Vehumet
 13917 | D:10     | Reached skill level 14 in Spellcasting
 14055 | D:10     | Found a staircase to the Lair.
 14290 | D:10     | Found a portal to a secret trove of treasure.
 14451 | D:10     | Offered knowledge of Irradiate by Vehumet.
 14505 | D:10     | Learned a level 8 spell: Lehudib's Crystal Spear
 15250 | D:11     | Reached skill level 1 in Earth Magic
 15831 | D:11     | Noticed a boulder beetle
 16192 | Lair:1   | Entered Level 1 of the Lair of Beasts
 17386 | Lair:2   | Reached skill level 15 in Spellcasting
 17484 | Lair:2   | Noticed an eight-headed hydra
 17693 | Lair:2   | Noticed a skyshark
 17750 | Lair:2   | Found a hole to the Spider Nest.
 19337 | Lair:2   | Killed an eight-headed hydra
 19338 | Lair:2   | Reached skill level 5 in Earth Magic
 20136 | Lair:2   | Reached XP level 12. HP: 59/59 MP: 28/33
 20469 | Lair:2   | Found a staircase to the Swamp.
 20527 | Lair:2   | Reached skill level 16 in Spellcasting
 21086 | Lair:2   | Learned a level 8 spell: Ignition
 21216 | Lair:2   | Found a runed translucent door.
 21220 | Lair:2   | Noticed a vampire mage
 21901 | Lair:3   | Reached skill level 1 in Fire Magic
 22869 | Lair:4   | Found a gate leading to a gauntlet.
 22875 | Gauntlet | Entered a Gauntlet
 22875 | Gauntlet | Found a large runed translucent door.
 22875 | Gauntlet | Found a large runed translucent door.
 22875 | Gauntlet | Found a large runed translucent door.
 22875 | Gauntlet | Found a large runed translucent door.
 22875 | Gauntlet | Found a transporter.
 22875 | Gauntlet | Found a large runed translucent door.
 22875 | Gauntlet | Found a large runed translucent door.
 22875 | Gauntlet | Found a large runed translucent door.
 22875 | Gauntlet | Found a large runed translucent door.
 22875 | Gauntlet | Found a runed translucent door.
 22875 | Gauntlet | Found a runed translucent gate.
 22875 | Gauntlet | Found a transporter.
 22875 | Gauntlet | Found a transporter.
 22875 | Gauntlet | Found a runed translucent gate.
 22875 | Gauntlet | Found a transporter.
 22876 | Gauntlet | Found a runed translucent door.
 22876 | Gauntlet | Found a runed translucent gate.
 22878 | Gauntlet | Found a large runed translucent door.
 22878 | Gauntlet | Found a large runed translucent door.
 22878 | Gauntlet | Found a large runed translucent door.
 22878 | Gauntlet | Found a large runed translucent door.
 22879 | Gauntlet | Found a large runed translucent door.
 22879 | Gauntlet | Found a large runed translucent door.
 22880 | Gauntlet | Found a large runed translucent door.
 22880 | Gauntlet | Found a large runed translucent door.
 22903 | Gauntlet | Found a transporter.
 22915 | Gauntlet | Found a transporter.
 22917 | Gauntlet | Found a transporter.
 22927 | Gauntlet | Found a transporter.
 22948 | Gauntlet | Found a transporter.
 22950 | Gauntlet | Noticed a reaper
 22965 | Gauntlet | Found a transporter.
 22969 | Gauntlet | Found a transporter.
 22981 | Gauntlet | Found a transporter.
 23508 | Gauntlet | Identified the ring of Zoinuck {*Slow AC+4 Dex+4}
 23657 | Gauntlet | Noticed a minotaur
 23668 | Gauntlet | Killed a minotaur
 23715 | Gauntlet | Identified the +0 pair of gloves of Feasting {rN++ MP+9}
 24126 | Lair:4   | Reached skill level 17 in Spellcasting
 24132 | Lair:4   | Reached skill level 15 in Conjurations
 24880 | Lair:4   | Reached XP level 13. HP: 63/63 MP: 36/36
 24885 | Lair:4   | Reached ***** piety under Vehumet
 24885 | Lair:4   | Offered knowledge of Iron Shot by Vehumet.
 25309 | Lair:4   | Learned a level 6 spell: Iron Shot
 25322 | Lair:5   | Entered Level 5 of the Lair of Beasts
 25335 | Lair:5   | Noticed sastreii's ghost (journeyman SpHu)
 26000 | Lair:5   | Found a transporter.
 26001 | Lair:5   | Found a bloodstained altar of Trog.
 26010 | Lair:5   | Found a transporter.
 26510 | Lair:5   | Found a staircase to the Slime Pits.
 27435 | Lair:5   | Reached skill level 18 in Spellcasting
 27445 | Lair:5   | Reached skill level 10 in Earth Magic
 27759 | Lair:5   | Reached skill level 5 in Fire Magic
 28125 | Lair:5   | Noticed a fire dragon
 28130 | Lair:5   | Found a large runed translucent door.
 28130 | Lair:5   | Found a large runed translucent door.
 28716 | Lair:2   | Identified the ring of Laorchef {rPois rC- Str+4 Int-4
                  | SInv}
 29218 | D:12     | Noticed Snorg
 29227 | D:12     | Killed Snorg
 29424 | D:12     | Found a staircase to the Orcish Mines.
 29633 | D:12     | Reached XP level 14. HP: 43/68 MP: 15/38
 29638 | D:12     | HP: 3/68 [yaktaur captain/bolt (42)]
 29647 | D:12     | Shot with a bolt by a yaktaur captain

Illustrated notes

Levels and vault maps discovered:
D:1:      amcnicky_arrival_flooded_fountain, layout_loops_ring
D:2:      wad_crossroads, layout_basic, hellmonk_ecumenical_altar_lost_god,
          minmay_misc_feat_tower, serial_bayou_pond_b, grunt_ministairs_9
D:3:      layout_rooms, kennysheep_flooded_box, minmay_circle_x
D:4:      layout_loops_ring, tgw_xom, minmay_temple_entry_hall,
          chequers_hall_statues_wall_a
D:5:      layout_loops_ring, uniq_pikel
D:6:      layout_loops_ring, tgw_kikubaaqudgha, lemuel_doored_altar,
          mainiacjoe_overflow_big_doors, uniq_crazy_yiuf_cottage
D:7:      old_forge, layout_cave_pools, old_standard_altar,
          dreamdust_mushroom_princess, minmay_mini_ossuary, uniq_menkaure
D:8:      layout_rooms, mainiacjoe_overflow_24_doors, enter_ossuary_1,
          serial_shops, shop, gammafunk_ghost_nasty_kobolds
D:9:      layout_rooms, nicolae_sif_muna_condensation, bloody_makhleb,
          onia_ninara_cookie
D:10:     layout_roguey, erik_lair_orcish_takeover, enter_trove_1,
          lemuel_flamethrower_hall
D:11:     layout_loops_ring, lemuel_flamethrower_2
D:12:     layout_irregular_city, david_orc_1_choice, dk_noncrumbling_3,
          minmay_checkered_concentric_circles, uniq_snorg
Temple:   nicolae_temple_figure_eight
Lair:1:   layout_loops_ring
Lair:2:   layout_hall_layers, minmay_swamp_entry_reptiles, spider_nest_entry_a,
          pdpol_lair_neglected_garden, pdpol_lair_cabin_in_the_woods
Lair:3:   layout_misc_corridors
Lair:4:   layout_regular_city, gauntlet_entry_generic
Lair:5:   cheibrodos_lair_end_hotspot, layout_long_grid,
          minmay_slime_entry_pillars, gammafunk_ghost_wrathful_warriors

Skill      XL: |  1  2  3  4  5  6  7  8  9 10 11 12 13 |
---------------+----------------------------------------+-----
Spellcasting   | 4 5 6 7 9 10 12 13 15 17 18 | 18.5
Conjurations   | 5 6 7 8 9 10 12 13 15 16 | 16.3
Hexes          | 2 4 6 7 8 |  8.0
Translocations | 2 3 5 6 |  6.0
Earth Magic    | 5 8 10 | 10.8
Fire Magic     | 3 5 |  5.6
Dodging        | |  2.4
Stealth        | |  2.4

Action                     |  1- 3 |  4- 6 |  7- 9 | 10-12 | 13-15 || total
---------------------------+-------+-------+-------+-------+-------++-------
  Melee: Short sword       |     2 |     1 |       |       |       ||     3
         Staff             |       |       |     1 |     3 |       ||     4
   Cast: Magic Dart        |    75 |   116 |   122 |   388 |    68 ||   769
         Searing Ray       |     1 |    16 |    23 |     8 |       ||    48
         Iskenderun's Myst |       |       |    26 |   175 |    44 ||   245
         Fulminant Prism   |       |       |     9 |    58 |    12 ||    79
         Swiftness         |       |       |       |     3 |       ||     3
         Iron Shot         |       |       |       |       |    58 ||    58
    Use: Scroll            |       |     4 |     8 |    17 |     1 ||    30
         Potion            |       |     1 |       |     1 |     1 ||     3
 Armour: Robe              |     5 |     2 |     2 |     5 |     3 ||    17
  Dodge: Dodged            |     9 |    15 |    12 |    34 |     8 ||    78

Table legend: (Time is in decaauts)
 A = Elapsed time spent in this place.
 B = Non-inter-level travel time spent in this place.
 C = Inter-level travel time spent in this place.
 D = Time resting spent in this place.
 E = Time spent auto-exploring this place.
 F = Levels seen in this place.
 G = Mean time per level.
                   A        B        C        D        E       F      G
               +--------+--------+--------+--------+--------+-----+--------+
         Total |  29668 |  28577 |   1091 |  15862 |   6124 |  20 | 1483.4 |
       Dungeon |  15954 |  15478 |    476 |   7869 |   4280 |  12 | 1329.5 |
        Temple |     20 |     20 |      0 |      0 |      0 |   1 |   20.0 |
          Lair |  11746 |  11132 |    614 |   6979 |   1670 |   5 | 2349.2 |
       Ossuary |   1090 |   1090 |      0 |    737 |     41 |   1 | 1090.0 |
      Gauntlet |    856 |    856 |      0 |    277 |    133 |   1 |  856.0 |
               +--------+--------+--------+--------+--------+-----+--------+

Top non-repeatable levels by time:
  Lair:2: 3803 daAuts
  Lair:5: 3238 daAuts
     D:4: 2452 daAuts
  Lair:1: 1831 daAuts
  Lair:4: 1654 daAuts
     D:7: 1512 daAuts
     D:6: 1475 daAuts
     D:2: 1403 daAuts
     D:3: 1377 daAuts
    D:11: 1370 daAuts
     D:8: 1367 daAuts
    D:10: 1260 daAuts
  Lair:3: 1217 daAuts
     D:9: 1103 daAuts
 Ossuary: 1090 daAuts
